Map: Cerulean Fall LE

Players

aGaham

  • Race: Zerg Zerg
  • League: Master
  • Spawn Location: 7:00

Melle - Winner!

  • Race: Protoss Protoss
  • League: Master
  • Spawn Location: 1:00

Event: DSCL Nationals 2018 - Finals

VOD

Have the link to the VOD?

Description

Time

  • Played on: Dec. 1, 2018, 5:52 a.m.
  • Length: 13:23

All games in this series

Show
View Real Time Build Order
Export as new Build Order

aGaham Zerg 

Build Orders: Hatch First 

Get SALT Encoding   

  12  0:00  Drone  
  13  0:08  Drone  
  14  0:17  Overlord  
  14  0:21  Extractor  
  14  0:22  Drone  
  16  0:35  Drone x2  
  17  0:44  Drone  
  18  0:56  Hatchery  
  17  0:58  Drone  
  18  1:09  Drone  
  19  1:17  Spawning Pool  
  18  1:18  Extractor  
  18  1:21  Drone  
  18  1:34  Drone  
  19  1:46  Hatchery  
  18  1:53  Overlord  
  18  2:03  Drone  
  18  2:06  Queen  
  22  2:17  Hatchery  
  22  2:19  Zergling x2  
  22  2:20  Zergling x2  
  23  2:27  Metabolic Boost  
  23  2:31  Zergling x2  
  23  2:34  Zergling x2  
  24  2:44  Zergling x2  
  25  2:55  Zergling x2  
  25  2:57  Hatchery  
  25  3:01  Queen  
  27  3:09  Zergling x2  
  28  3:21  Zergling x2  
  28  3:24  Baneling Nest  
  28  3:25  Zergling x2  
  29  3:33  Zergling x6  
  28  3:34  Zergling x2  
  28  3:37  Queen  
  31  3:45  Zergling x2  
  31  3:46  Zergling x2  
  31  3:57  Zergling x2  
  31  3:58  Zergling x2  
  31  4:06  Drone x2  
  31  4:09  Drone x3  
  36  4:17  Drone x2  
  38  4:26  Overlord  
  38  4:27  Baneling x3  
  38  4:29  Baneling x2  
  37  4:32  Baneling  
  37  4:39  Overlord  
  37  4:43  Overlord  
  38  4:45  Drone  
  38  4:48  Drone  
  38  4:49  Drone  
  40  4:56  Drone x3  
  39  5:04  Drone x2  
  39  5:05  Drone x2  
  43  5:09  Drone x2  
  43  5:13  Drone  
  43  5:14  Drone  
  46  5:26  Hatchery  
  46  5:28  Queen  
  43  5:30  Zergling x2  
  46  5:37  Zergling x2  
  46  5:38  Zergling x8  
  51  5:46  Zergling x10  
  51  5:47  Spore Crawler  
  54  5:54  Spore Crawler  
  47  6:01  Zergling x10  
  47  6:03  Drone  
  48  6:16  Drone x6  
  52  6:24  Drone x3  
  52  6:25  Drone x2  
  57  6:33  Spore Crawler  
  57  6:37  Drone  
  58  6:41  Drone  
  58  6:42  Drone x3  
  58  6:46  Drone x2  
  63  6:49  Overlord  
  63  6:50  Overlord  
  63  6:51  Lair  
  63  6:53  Evolution Chamber  
  62  7:01  Drone x5  
  62  7:04  Spore Crawler  
  62  7:07  Drone  
  62  7:08  Drone x4  
  68  7:13  Drone x2  
  68  7:14  Drone x3  
  73  7:19  Drone x4  
  77  7:26  Drone  
  77  7:27  Drone x2  
  77  7:29  Extractor  
  79  7:31  Evolution Chamber  
  79  7:32  Extractor  
  79  7:33  Drone x2  
  78  7:38  Drone  
  78  7:39  Drone  
  78  7:43  Extractor x2  
  78  7:44  Extractor  
  78  7:46  Drone x2  
  78  7:47  Drone  
  80  7:58  Overlord x4  
  80  8:00  Overlord x2  
  80  8:04  Zerg Ground Armor Level 1  
  80  8:07  Queen  
  79  8:15  Queen  
  80  8:21  Spire  
  80  8:23  Zerg Melee Weapons Level 1  
  79  8:28  Zergling x2  
  79  8:29  Zergling x34  
  79  8:30  Zergling x4  
  96  8:53  Drone x7  
  96  8:54  Drone x3  
  106  9:00  Baneling x11  
  106  9:01  Baneling x4  
  106  9:08  Spore Crawler  
  105  9:10  Spore Crawler  
  105  9:11  Drone x6  
  92  9:39  Mutalisk x2  
  92  9:40  Mutalisk x4  
  99  9:57  Mutalisk x3  
  105  10:16  Zerg Flyer Weapons Level 1  
  105  10:17  Mutalisk x2  
  105  10:19  Zergling x2  
  105  10:20  Zergling x32  
  105  10:21  Zergling x2  
  127  10:22  Extractor  
  127  10:23  Extractor  
  127  10:26  Hatchery  
  121  10:28  Mutalisk  
  121  10:31  Zergling x4  
  121  10:46  Mutalisk x2  
  109  10:55  Overlord  
  109  10:56  Overlord x4  
  104  10:57  Queen  
  104  10:58  Queen  
  104  11:00  Queen  
  99  11:14  Mutalisk x4  
  99  11:16  Zergling x12  
  113  11:29  Mutalisk x2  
  113  11:31  Corruptor  
  113  11:42  Corruptor  
  111  11:47  Corruptor  
  111  11:52  Extractor  
  111  11:53  Extractor  
  106  12:12  Mutalisk x4  
  113  12:25  Corruptor x2  
  117  12:34  Hatchery  
  117  12:36  Hatchery  
  112  12:42  Corruptor x2  
  112  12:52  Zergling x6  
  112  12:53  Zergling x22  
  125  12:59  Hatchery  
Show
View Real Time Build Order
Export as new Build Order

Melle Protoss - Winner!

Build Orders: Carriers 

Get SALT Encoding   

  12  0:00  Probe  
  13  0:12  Probe  
  14  0:19  Pylon  
  14  0:24  Probe  
  15  0:34  Probe  
  15  0:42  Probe  
  16  0:43  Forge  
  17  0:52  Probe  
  18  1:04  Probe  
  19  1:12  Pylon  
  19  1:18  Probe  
  20  1:21  Pylon  
  20  1:24  Pylon  
  20  1:31  Photon Cannon  
  20  1:35  Photon Cannon  
  20  1:38  Probe  
  21  1:49  Gateway  
  21  1:57  Pylon  
  21  2:15  Photon Cannon  
  21  2:16  Photon Cannon  
  21  2:20  Assimilator  
  21  2:24  Probe  
  22  2:36  Cybernetics Core  
  22  2:44  Nexus, Zealot  
  22  2:50  Probe  
  25  2:59  Probe  
  25  3:04  Stalker  
  25  3:05  Assimilator  
  26  3:08  Probe  
  29  3:20  Probe  
  30  3:32  Warp Gate  
  30  3:33  Probe  
  30  3:41  Pylon  
  30  3:45  Probe  
  30  3:48  Adept  
  31  3:54  Photon Cannon  
  29  4:01  Stargate  
  31  4:05  Probe x2  
  33  4:12  Adept  
  35  4:18  Probe x2  
  35  4:21  Assimilator  
  37  4:30  Probe x2  
  39  4:32  Assimilator  
  39  4:35  Sentry  
  39  4:38  Pylon  
  39  4:41  Photon Cannon  
  41  4:51  Oracle, Gateway  
  41  4:53  Pylon  
  44  5:03  Probe x2  
  44  5:04  Adept  
  48  5:15  Probe x2  
  50  5:27  Probe x2  
  52  5:31  Pylon  
  52  5:32  Pylon  
  52  5:39  Probe  
  53  5:44  Void Ray  
  57  5:51  Probe x2  
  59  6:03  Probe x2  
  61  6:05  Fleet Beacon  
  61  6:06  Stargate  
  61  6:17  Probe x2  
  59  6:20  Adept x2  
  63  6:29  Probe x2  
  65  6:41  Tempest  
  65  6:42  Pylon  
  65  6:43  Pylon, Nexus  
  65  6:46  Pylon  
  65  6:50  Tempest  
  75  7:07  Photon Cannon  
  75  7:09  Protoss Air Weapons Level 1  
  75  7:12  Probe x2  
  77  7:17  Tempest  
  77  7:20  Gateway  
  77  7:23  Gateway  
  82  7:36  Probe x2  
  84  7:49  Pylon  
  84  7:50  Probe x2  
  84  7:51  Pylon  
  86  7:53  Assimilator, Carrier  
  86  7:56  Pylon  
  86  7:57  Carrier  
  86  7:58  Assimilator  
  98  8:20  Stargate  
  98  8:38  Stalker x3  
  104  8:57  Void Ray, Carrier  
  104  8:59  Protoss Air Weapons Level 2  
  104  9:02  Void Ray  
  110  9:04  Photon Cannon  
  110  9:06  Photon Cannon  
  110  9:08  Shield Battery  
  116  9:25  Adept x2  
  121  10:01  Probe x2  
  123  10:13  Pylon  
  123  10:14  Pylon  
  123  10:16  Pylon, Phoenix x2  
  123  10:23  Phoenix  
  123  10:28  Anion Pulse-Crystals  
  109  10:41  Phoenix  
  109  10:42  Phoenix  
  107  10:45  Probe x3  
  107  10:48  Phoenix  
  108  10:50  Adept x4  
  108  11:06  Carrier  
  104  11:13  Phoenix  
  104  11:16  Carrier  
  114  11:22  Nexus  
  114  11:24  Robotics Facility, Twilight Council  
  114  11:41  Carrier  
  114  11:45  Pylon  
  120  11:52  Probe x3  
  123  11:57  Stargate  
  123  12:00  Void Ray  
  125  12:20  Void Ray, Photon Cannon  
  125  12:21  Photon Cannon  
  125  12:22  Photon Cannon  
  129  12:28  Assimilator  
  129  12:32  Assimilator, Observer  
  129  12:35  Templar Archives  
  130  12:43  Stalker x3  
Tags
 
Add a new tag
Caveats
  • Supply blocks, unpowered buildings, or Contaminate may cause inaccurate times.
  • Supply counts are checked every 10 seconds.